 Dungeon Crawl Stone Soup version 0.20.1-1-g8b1a95d (webtiles) character file.

12581 Gremour the Carver (level 11, -9/97 HPs)
             Began as a Black Draconian Monk on Sept 14, 2017.
             Was a High Priest of Okawaru.
             Killed by divine providence
             ... invoked by an orc high priest
              (12 damage)
             ... on level 2 of the Orcish Mines.
             The game lasted 01:45:45 (13171 turns).

Gremour the Carver (Black Draconian Monk)          Turns: 13171, Time: 01:45:46

Health: -9/97      AC: 12    Str: 14    XL:     11   Next: 64%
Magic:  0/18       EV: 17    Int: 10    God:    Okawaru [*****.]
Gold:   940        SH:  0    Dex: 17    Spells: 16/18 levels left

rFire    . . .     SeeInvis +   a - +3 falchion of Xohokk {slice, rElec rC- rN+ MR+}
rCold    x . .     Gourm    .   (no shield)
rNeg     + . .     Faith    .   (armour unavailable)
rPois    .         Spirit   +   (helmet restricted)
rElec    +         Reflect  .   e - +2 cloak
rCorr    .         Harm     .   K - +1 pair of gloves
MR       ++...                  (no boots)
Stlth    +++.......             H - amulet of guardian spirit
Regen    0.3/turn               g - ring of see invisible
MPRegen  0.2/turn               (no ring)

@: about to teleport, short of breath
A: breathe lightning, unfitting armour, high mp 1, magic resistance 1,
electricity resistance, cold-blooded, AC +7
a: Breathe Lightning, Heroism, Finesse, Renounce Religion


You were on level 2 of the Orcish Mines.
You worshipped Okawaru.
Okawaru was extremely pleased with you.
You were not hungry.

You visited 3 branches of the dungeon, and saw 14 of its levels.
You also visited: Sewer.

You collected 940 gold pieces.

Inventory:

Hand Weapons
 a - the +3 falchion of Xohokk (weapon) {slice, rElec rC- rN+ MR+}
   (You found it on level 6 of the Dungeon)

   It inflicts extra damage upon your enemies.
   It makes you vulnerable to cold.
   It insulates you from electricity.
   It protects you from negative energy.
   It affects your resistance to hostile enchantments.
 b - a +0 short sword of venom
 h - a +1 scimitar of holy wrath
 w - a +0 great sword
 L - a +2 vampiric war axe
Armour
 e - a +2 cloak (worn)
 K - a +1 pair of gloves (worn)
Jewellery
 g - a ring of see invisible (left hand)
 i - an uncursed ring of see invisible
 m - a +4 amulet of reflection
 s - an uncursed ring of fire
 G - an uncursed amulet of rage
 H - an amulet of guardian spirit (around neck)
Wands
 d - a wand of polymorph (13/24)
 k - a wand of confusion (18/48)
 n - a wand of paralysis (10/24)
 p - a wand of acid (0/15)
 q - a wand of enslavement (18/24)
 v - a wand of paralysis (10/24)
 x - a wand of flame (33/48)
 z - a wand of flame (31/48)
 B - a wand of disintegration (2/24)
 C - a wand of paralysis (11/24)
 E - a wand of confusion (24/48)
 F - a wand of flame (15/48)
 J - a wand of enslavement (9/24)
Scrolls
 f - 4 scrolls of teleportation
 l - a scroll of amnesia
 o - 5 scrolls of remove curse
 t - 3 scrolls of identify
 y - 2 scrolls of magic mapping
 A - a scroll of fog
 D - a scroll of immolation
 M - a scroll of enchant weapon
Potions
 c - 5 potions of brilliance
 r - 3 potions of curing
 N - 3 potions of heal wounds
Books
 I - a book of Conjurations

   Spells                             Type                      Level
   a - Magic Dart                     Conjuration                  1
   b - Searing Ray                    Conjuration                  2
   c - Dazzling Spray                 Conjuration/Hexes            3
   d - Fulminant Prism                Conjuration/Hexes            4
   e - Force Lance                    Conjuration/Translocation    4
   f - Iskenderun's Mystic Blast      Conjuration                  4
Comestibles
 j - 9 bread rations
 u - 6 royal jellies
 O - 2 fruits


   Skills:
 * Level 9.3 Fighting
 + Level 10.2 Long Blades
 * Level 7.6 Dodging
 + Level 6.4 Stealth
 * Level 6.2 Unarmed Combat
 + Level 4.0 Spellcasting
 * Level 2.2 Conjurations
 + Level 6.0 Invocations
 * Level 0.8 Evocations


You had 16 spell levels left.
You knew the following spells:

 Your Spells              Type           Power        Failure   Level  Hunger
r - Searing Ray           Conj           #.....       16%         2    ##.....


Dungeon Overview and Level Annotations

Branches:
Dungeon (11/15)            Temple (1/1) D:4            Lair (0/6) D:11
    Orc (2/2) D:9
    Elf: Orc:2

Altars:
Ashenzari
Cheibriados
Dithmenos
Elyvilon
Fedhas
Gozag
Hepliaklqana
Kikubaaqudgha
Makhleb
Nemelex Xobeh
Okawaru
Qazlal
Ru
Sif Muna
Trog
Uskayaw
Vehumet
Xom
Yredelemnul
Zin
The Shining One
Beogh

Shops:
D:8 :

Portals:
Trove: D:11 (give +3 storm dragon scales)


Innate Abilities, Weirdness & Mutations

You can breathe wild blasts of lightning.
Your glossy black scales are hard. (AC +7)
You cannot fit into any form of body armour.
You are resistant to electric shocks. (rElec)
You are cold-blooded and may be slowed by cold attacks.
You have an increased reservoir of magic. (+10% MP)
You are resistant to hostile enchantments. (MR+)


Message History

As you read the scroll of fog, it crumbles to dust.
The scroll dissolves into smoke.
The sixfirhy barely misses you.
You riposte.
You barely miss the sixfirhy. The sixfirhy closely misses you.
You riposte.
You hit the sixfirhy.
Your tail-slap misses the sixfirhy.
The sixfirhy is lightly wounded.
The sixfirhy hits you!
* * * LOW HITPOINT WARNING * * *
The sixfirhy shocks you. You resist.
* * * LOW HITPOINT WARNING * * *
The orc wizard casts a cantrip, but nothing happens.
The orc warrior completely misses you. The orc misses you.
The sixfirhy hits you but does no damage.
The orc wizard casts a spell.
The orc wizard seems to speed up.
The orc warrior barely misses you.
The orc warrior hits you with a dire flail.
The orc wizard mumbles some strange words.
The orc wizard seems to speed up.
The orc high priest invokes the aid of Beogh against you.
Beogh smites you!
You die...

...............
#...........#
##.........##
#.#..o.oo.....# ##
#$$...<)oo3..###.#
#......oooo.§§§..#
P.......oooooo§...##.
........o#.#o3§......
...o..##.###§@§......
...... ### #§§§§....#
...... ##........
...... ......... ...
......... .......###
.....### .$..#..


You could see an orc high priest, a sixfirhy, an orc sorcerer, 6 orc warriors,
an orc priest, 3 orc wizards and 2 orcs.

Vanquished Creatures
  2 two-headed ogres
  The ghost of Chisa the Chopper, a novice HOMo of Beogh (D:5)
  6 gargoyles
  A hornet (D:8)
  2 hippogriffs
  Sigmund (D:4)
  4 hogs (D:7)
  A wyvern (D:8)
  6 yaks (D:11)
  A human (D:7)
  A hungry ghost (D:8)
  Grum (D:9)
  3 porcupines (D:11)
  4 orc warriors
  A sky beast (D:5)
  6 black bears
  5 ice beasts
  2 phantoms
  5 wolves
  9 ogres
  4 centaurs
  2 crocodiles (D:11)
  4 big kobolds
  Blork the orc (D:4)
  7 bullfrogs
  A scorpion (D:7)
  A water moccasin skeleton (D:5)
  3 electric eels (D:8)
  2 howler monkeys
  6 crimson imps
  2 jellies
  A quasit (D:8)
  5 centaur skeletons
  4 hounds
  11 orc priests
  A bullfrog skeleton (D:4)
  An iguana (D:11)
  13 orc wizards
  8 worker ants
  A killer bee zombie (D:8)
  A hound zombie (D:8)
  3 worker ant zombies
  Robin (D:2)
  3 gnolls (D:3)
  12 adders
  A shadow imp (D:11)
  6 oozes
  2 adder skeletons
  3 worms
  2 dart slugs
  4 leopard geckos
  52 orcs
  4 bats
  4 giant cockroaches
  20 goblins
  6 hobgoblins
  10 jackals
  13 kobolds
  5 quokkas
  6 ball pythons
  9 frilled lizards
  A leopard gecko zombie (D:7)
  11 rats
319 creatures vanquished.

Vanquished Creatures (others)
  2 fungi (D:11)
  A plant (D:11)
3 creatures vanquished.

Grand Total: 322 creatures vanquished

Notes
Turn   | Place    | Note
-------+----------+-------------------------------------------
     0 | D:1      | Gremour the Draconian Monk began the quest for the Orb.
     0 | D:1      | Reached XP level 1. HP: 19/19 MP: 1/1
   146 | D:1      | Reached XP level 2. HP: 24/26 MP: 2/2
   581 | D:1      | Reached XP level 3. HP: 31/33 MP: 3/3
   856 | D:2      | Found a deep blue altar of Sif Muna.
  1088 | D:2      | Noticed Robin
  1132 | D:2      | Killed Robin
  1132 | D:2      | Reached skill level 1 in Unarmed Combat
  1132 | D:2      | Reached XP level 4. HP: 24/40 MP: 4/4
  2131 | D:3      | Reached XP level 5. HP: 32/46 MP: 5/5
  2924 | D:4      | Noticed a phantom
  2951 | D:4      | Killed a phantom
  2951 | D:4      | Reached XP level 6. HP: 31/52 MP: 6/6
  3090 | D:4      | Reached skill level 5 in Dodging
  3155 | D:4      | Found a staircase to the Ecumenical Temple.
  3164 | Temple   | Entered the Ecumenical Temple
  3358 | Temple   | Became a worshipper of Warmaster Okawaru
  3358 | Temple   | Reached * piety under Okawaru
  3358 | Temple   | Reached ** piety under Okawaru
  3405 | D:4      | Reached skill level 4 in Long Blades
  3549 | D:4      | Your scales start taking on a glossy black colour.
  3549 | D:4      | Reached XP level 7. HP: 57/59 MP: 7/7
  3549 | D:4      | Gained mutation: You are resistant to electric shocks. (rElec) [Black Draconian growth]
  3706 | D:4      | Found an iron altar of Okawaru.
  3750 | D:4      | Noticed Sigmund
  3773 | D:4      | Noticed Blork the orc
  4136 | D:4      | Killed Blork the orc
  4139 | D:4      | Killed Sigmund
  4144 | D:4      | Reached skill level 5 in Long Blades
  4305 | D:5      | Entered Level 5 of the Dungeon
  4338 | D:5      | Reached skill level 5 in Fighting
  4338 | D:5      | Reached XP level 8. HP: 63/68 MP: 8/8
  4637 | D:5      | Gained mutation: You are weak. (Str -2) [potion of mutation]
  4637 | D:5      | Gained mutation: Your spells are a little harder to cast, but a little more powerful. [potion of mutation]
  4637 | D:5      | Gained mutation: Your mind is acute. (Int +2) [potion of mutation]
  4637 | D:5      | Gained mutation: Your mind is very acute. (Int +4) [potion of mutation]
  4736 | D:5      | Reached *** piety under Okawaru
  4736 | D:5      | Reached skill level 1 in Spellcasting
  4978 | D:5      | Noticed Chisa's ghost (novice HOMo)
  5134 | D:5      | Killed Chisa's ghost
  5134 | D:5      | Reached skill level 6 in Long Blades
  5848 | D:6      | Got a dazzling falchion
  5849 | D:6      | Identified the +3 falchion of Xohokk {slice, rElec rC- rN+ MR+} (You found it on level 6 of the Dungeon)
  5986 | D:6      | Reached XP level 9. HP: 58/75 MP: 9/12
  6091 | D:6      | Reached skill level 7 in Long Blades
  6119 | D:6      | Reached skill level 1 in Invocations
  6138 | D:6      | Found a glowing drain.
  6147 | Sewer    | Entered a sewer
  6292 | Sewer    | Reached **** piety under Okawaru
  6556 | D:6      | Reached skill level 5 in Stealth
  6850 | D:7      | Noticed a gargoyle
  6884 | D:7      | Killed a gargoyle
  7072 | D:7      | Noticed a gargoyle
  7109 | D:7      | Killed a gargoyle
  7109 | D:7      | Reached skill level 8 in Long Blades
  7179 | D:7      | Noticed a gargoyle
  7388 | D:7      | Noticed a gargoyle
  7426 | D:7      | Killed a gargoyle
  7447 | D:7      | Reached XP level 10. HP: 51/86 MP: 9/15
  7619 | D:7      | Noticed a gargoyle
  7665 | D:7      | Killed a gargoyle
  8079 | D:7      | Lost mutation: You are weak. (Str -2) [potion of mutation]
  8079 | D:7      | Lost mutation: Your mind is very acute. (Int +4) [potion of mutation]
  8079 | D:7      | Lost mutation: Your mind is acute. (Int +2) [potion of mutation]
  8079 | D:7      | Gained mutation: You have supernaturally acute eyesight. (SInv) [potion of mutation]
  8079 | D:7      | Gained mutation: Your muscles are strong. (Str +2) [potion of mutation]
  8089 | D:7      | Lost mutation: Your spells are a little harder to cast, but a little more powerful. [potion of mutation]
  8089 | D:7      | Lost mutation: Your muscles are strong. (Str +2) [potion of mutation]
  8089 | D:7      | Lost mutation: You have supernaturally acute eyesight. (SInv) [potion of mutation]
  8089 | D:7      | Gained mutation: You possess an exceptional clarity of mind. [potion of mutation]
  8089 | D:7      | Gained mutation: You have an increased reservoir of magic. (+10% MP) [potion of mutation]
  8089 | D:7      | Gained mutation: Your spells are a little harder to cast, but a little more powerful. [potion of mutation]
  8089 | D:7      | Gained mutation: Your spells are harder to cast, but more powerful. [potion of mutation]
  8120 | D:7      | Killed a gargoyle
  8184 | D:7      | Found a shattered altar of Ashenzari.
  8195 | D:7      | Found a shadowy altar of Dithmenos.
  8210 | D:7      | Reached ***** piety under Okawaru
  8951 | D:8      | Noticed a two-headed ogre
  8953 | D:8      | Noticed a gargoyle
  9516 | D:8      | Killed a gargoyle
  9516 | D:8      | Reached skill level 9 in Long Blades
  9733 | D:8      | Found a transporter.
  9778 | D:8      | Found a transporter.
  9815 | D:8      | Reached skill level 5 in Unarmed Combat
  9894 | D:8      | Lost mutation: Your spells are harder to cast, but more powerful. [potion of mutation]
  9894 | D:8      | Lost mutation: Your spells are a little harder to cast, but a little more powerful. [potion of mutation]
  9894 | D:8      | Lost mutation: You possess an exceptional clarity of mind. [potion of mutation]
  9894 | D:8      | Lost mutation: You have an increased reservoir of magic. (+10% MP) [potion of mutation]
  9894 | D:8      | Gained mutation: You evolve. [potion of mutation]
  9894 | D:8      | Gained mutation: Your body sometimes deteriorates upon taking damage. [potion of mutation]
  9894 | D:8      | Gained mutation: Your spells are a little harder to cast, but a little more powerful. [potion of mutation]
  9895 | D:8      | Lost mutation: Your body sometimes deteriorates upon taking damage. [potion of mutation]
  9895 | D:8      | Lost mutation: Your spells are a little harder to cast, but a little more powerful. [potion of mutation]
  9895 | D:8      | Gained mutation: Your large and strong wings let you fly indefinitely. [potion of mutation]
  9895 | D:8      | Gained mutation: You have supernaturally acute eyesight. (SInv) [potion of mutation]
  9896 | D:8      | Lost mutation: You evolve. [potion of mutation]
  9896 | D:8      | Lost mutation: Your large and strong wings let you fly indefinitely. [potion of mutation]
  9896 | D:8      | Gained mutation: You have an increased reservoir of magic. (+10% MP) [potion of mutation]
  9896 | D:8      | Lost mutation: You have supernaturally acute eyesight. (SInv) [potion of mutation]
  9896 | D:8      | Gained mutation: You are resistant to hostile enchantments. (MR+) [potion of mutation]
 10079 | D:8      | Killed a two-headed ogre
 10079 | D:8      | Reached skill level 5 in Invocations
 10079 | D:8      | Reached XP level 11. HP: 69/95 MP: 18/18
 10204 | D:8      | Found Firuuwn's Book Emporium.
 10456 | D:9      | Found a roughly hewn altar of Beogh.
 10756 | D:9      | Found a staircase to the Orcish Mines.
 10849 | D:9      | Found a roughly hewn altar of Beogh.
 11074 | D:9      | Noticed Grum
 11086 | D:9      | Killed Grum
 11086 | D:9      | Received a gift from Okawaru
 11442 | D:10     | Entered Level 10 of the Dungeon
 11460 | D:10     | Noticed a two-headed ogre
 11483 | D:10     | Killed a two-headed ogre
 11553 | D:10     | Learned a level 2 spell: Searing Ray
 11973 | D:11     | Reached skill level 1 in Conjurations
 11996 | D:11     | Found a staircase to the Lair.
 12193 | D:11     | Reached skill level 10 in Long Blades
 12257 | D:11     | Found a portal to a secret trove of treasure.
 12878 | Orc:1    | Entered Level 1 of the Orcish Mines
 12976 | Orc:1    | Found a roughly hewn altar of Beogh.
 13150 | Orc:2    | Entered Level 2 of the Orcish Mines
 13161 | Orc:2    | Noticed an orc high priest
 13169 | Orc:2    | Noticed a sixfirhy
 13169 | Orc:2    | Noticed a sun demon
 13170 | Orc:2    | HP: 3/97 [sixfirhy[an orc high priest] (3)]
 13171 | Orc:2    | Killed from afar by an orc high priest

Skill      XL: |  1  2  3  4  5  6  7  8  9 10 11 |
---------------+----------------------------------+-----
Dodging        | 3 4 5 6 7 |  7.6
Stealth        | 2 3 4 5 6 |  6.4
Fighting       | 4 5 7 8 9 |  9.3
Unarmed Combat | 1 2 3 4 5 6 |  6.2
Long Blades    | 4 5 6 8 9 10 | 10.2
Spellcasting   | 2 3 4 |  4.0
Invocations    | 3 5 6 |  6.0
Conjurations   | 2 |  2.2
Evocations     | |  0.8

Action                   |  1- 3 |  4- 6 |  7- 9 | 10-12 || total
-------------------------+-------+-------+-------+-------++-------
Melee: Falchion          |    98 |   234 |   255 |   552 ||  1139
       Tailslap          |    18 |    38 |    76 |   119 ||   251
       Dagger            |       |     1 |     1 |       ||     2
       Scimitar          |       |       |   131 |       ||   131
       Punch             |       |       |    10 |    18 ||    28
       Short sword       |       |       |       |     2 ||     2
       Great sword       |       |       |       |     1 ||     1
Invok: Heroism           |       |       |     6 |     4 ||    10
       Finesse           |       |       |       |     4 ||     4
 Abil: Breathe Lightning |       |       |    11 |    15 ||    26
Evoke: Wand              |     4 |     3 |     3 |     4 ||    14
  Use: Scroll            |     4 |     8 |     4 |    12 ||    28
       Potion            |       |     5 |     6 |     8 ||    19
 Stab: Sleeping          |     6 |     2 |     7 |    11 ||    26
       Confused          |     1 |       |       |       ||     1
       Distracted        |       |     1 |       |     2 ||     3
       Paralysed         |       |       |       |     9 ||     9
  Eat: Royal jelly       |     1 |       |     1 |       ||     2
       Chunk             |       |     6 |     2 |    11 ||    19
       Meat ration       |       |       |     2 |     3 ||     5
       Fruit             |       |       |     3 |     2 ||     5
Armor: Skin              |    23 |    33 |    65 |   100 ||   221
Dodge: Dodged            |    82 |   150 |   259 |   403 ||   894
Block: Other             |       |    18 |    26 |       ||    44
       Rpst.: Falchion   |    34 |    53 |    50 |    85 ||   222
       Scimitar          |       |       |    24 |       ||    24
